 Dungeon Crawl Stone Soup version 0.29.1-15-g9cfb28693d (webtiles) character file.

Game seed: 833980103690148382

286 jtron the Ducker (level 6, -1/53 HPs)
             Began as a Gnoll Monk on Mar 21, 2023.
             Was a Believer of Wu Jian.
             Slain by a sky beast (5 damage)
             ... on level 3 of the Dungeon.
             The game lasted 00:06:04 (2726 turns).

jtron the Ducker (Gnoll Monk)                       Turns: 2726, Time: 00:06:05

Health: -1/53      AC:  4    Str: 11    XL:     6   Next: 30%
Magic:  9/9        EV: 15    Int:  9    God:    Wu Jian [**....]
Gold:   145        SH:  0    Dex: 16    Spells: 9/9 levels left

rFire   . . .      SeeInvis .   a - +0 falchion
rCold   . . .      Faith    .   (no shield)
rNeg    . . .      Spirit   .   k - +0 robe
rPois   .          Reflect  .   (no helmet)
rElec   .          Harm     .   (no cloak)
rCorr   .          Rampage  .   (no gloves)
Will    .....                   p - +1 pair of boots
Stlth   +++.......              (no amulet)
HPRegen 0.17/turn               (no ring)
MPRegen 0.11/turn               (no ring)

@: mighty
A: fangs 1, strong nose, distributed training
a: Renounce Religion, Wall Jump


You were on level 3 of the Dungeon.
You worshipped Wu Jian.
Wu Jian was pleased with you.
You visited 2 branches of the dungeon, and saw 5 of its levels.

You collected 145 gold pieces.

Inventory:

Hand Weapons
 a - a +0 falchion (weapon)
 b - a +0 sling
Missiles
 d - 3 atropa-tipped darts (quivered)
 f - 7 curare-tipped darts
 h - 49 stones
 l - 22 poisoned darts
Armour
 k - a +0 robe (worn)
 p - a +1 pair of boots (worn)
Jewellery
 q - an amulet of faith
Wands
 j - a wand of polymorph (14)
Scrolls
 g - 2 scrolls of enchant armour {unknown}
 n - a scroll of poison {unknown}
 t - a scroll of vulnerability {unknown}
 u - a scroll of fear {unknown}
Potions
 c - a potion of ambrosia
 e - a potion of resistance
 i - a potion of brilliance
 m - 2 potions of invisibility


   Skills:
 + Level 6.8 Fighting
 + Level 2.0 Short Blades
 + Level 6.8 Long Blades
 + Level 2.0 Axes
 + Level 2.0 Maces & Flails
 + Level 2.0 Polearms
 + Level 2.0 Staves
 + Level 2.0 Ranged Weapons
 + Level 2.0 Throwing
 + Level 2.0 Armour
 + Level 6.8 Dodging
 + Level 4.6 Stealth
 + Level 2.0 Shields
 + Level 2.0 Unarmed Combat
 + Level 2.0 Spellcasting
 + Level 1.5 Conjurations
 + Level 1.5 Hexes
 + Level 1.5 Summonings
 + Level 1.5 Necromancy
 + Level 1.5 Translocations
 + Level 1.5 Transmutations
 + Level 1.5 Fire Magic
 + Level 1.5 Ice Magic
 + Level 1.5 Air Magic
 + Level 1.5 Earth Magic
 + Level 1.5 Poison Magic
 + Level 2.2 Invocations
 + Level 2.0 Evocations


You had 9 spell levels left.
You didn't know any spells.
Your spell library contained the following spells:

 Spells                   Type           Power      Damage    Failure   Level
 Freeze                   Ice            12%        1d4       17%         1
 Frozen Ramparts          Ice            6%         1d1       45%         3
 Hailstorm                Conj/Ice       3%         3d3       86%         4


Dungeon Overview and Level Annotations

Branches:
Dungeon (4/15)             Temple (1/1) D:4

Altars:
Cheibriados
Kikubaaqudgha
Nemelex Xobeh
Qazlal
Ru
Sif Muna
Uskayaw
Vehumet
Wu Jian
Yredelemnul
The Shining One


Innate Abilities, Weirdness & Mutations

You have very sharp teeth.
Your uncanny sense of smell can sniff out nearby items.
Your experience applies equally to all skills.


Message History

The white imp gestures at you. The puff of frost hits you.
You hit the white imp.
You bite the white imp, but do no damage.
The white imp is almost dead.
You hit the white imp.
You kill the white imp!
The Council accepts your kill.
A sky beast comes into view.
You see here 9 gold pieces.
You now have 145 gold pieces (gained 9).
Aiming: Polymorph
Press: ? - help, Shift-Dir - straight line, f - sky beast
Aim: a sky beast (will become a rime drake, an acid dragon, or a tengu, chance to affect: 54%)
The sky beast resists with significant effort.
Found 2 glowing amethyst potions.
Found a scroll labelled OCUAMEMNEPT.
The sky beast flickers out of sight!
Deactivating autopickup; reactivate with Ctrl-A.
There is a stone staircase leading up here.
Something hits you but does no damage.
You climb upwards.
Reactivating autopickup.
There is a stone staircase leading down here.
Something barely misses you. Something hits you. Something shocks you.
* * * LOW HITPOINT WARNING * * *
Deactivating autopickup; reactivate with Ctrl-A.
Something barely misses you.
You see here a +1 pair of boots.
Something barely misses you.
You feel very mighty all of a sudden. Something hits you.
* * * LOW HITPOINT WARNING * * *
Something shocks you.
* * * LOW HITPOINT WARNING * * *
You closely miss something. You punch something. Something hits you.
* * * LOW HITPOINT WARNING * * *
Something shocks you.
You die...

#.#####....†........ ####
######'######...†.......#
...######..........##...........#
.....##..†..........#....[......#
.....##.............##########<##
.....##.............# #####
.....##....########.# #...#
..†..##############.##### #)#.#
.......^........@{..>...# #.#.#
##.################..##.# #.#.#
##'###### ####..##.#####.#.#
........# #.....##.##.##.#.#
........# #......#.##..#.#.#
........# #........##..#.#.#
.......<# ###+#........#.#.#
........# #...#####.##.#.#
........# ###.##.......#.#


There were no monsters in sight!

Vanquished Creatures
  A necrophage (D:3)
  A scorpion (D:4)
  A jelly (D:4)
  A mummy (D:3)
  3 gnolls (D:3)
  A white imp (D:4)
  2 worms (D:2)
  3 dart slugs (D:1)
  8 bats
  4 endoplasms
  10 giant cockroaches
  4 goblins
  12 hobgoblins
  7 kobolds
  2 quokkas (D:2)
  6 ball pythons
  6 frilled lizards
  6 rats
78 creatures vanquished.

Notes
Turn   | Place    | Note
-------+----------+-------------------------------------------
     0 | D:1      | jtron the Gnoll Monk began the quest for the Orb.
     0 | D:1      | Reached XP level 1. HP: 23/23 MP: 1/1
    67 | D:1      | Reached XP level 2. HP: 27/29 MP: 2/2
   322 | D:1      | Reached XP level 3. HP: 34/35 MP: 3/3
   525 | D:1      | Reached skill level 1 in Invocations
   776 | D:1      | Found a faded altar of an unknown god.
   906 | D:2      | Reached skill level 1 in Short Blades
   906 | D:2      | Reached skill level 1 in Axes
   906 | D:2      | Reached skill level 1 in Maces & Flails
   906 | D:2      | Reached skill level 1 in Polearms
   906 | D:2      | Reached skill level 1 in Staves
   906 | D:2      | Reached skill level 1 in Ranged Weapons
   906 | D:2      | Reached skill level 1 in Throwing
   906 | D:2      | Reached skill level 1 in Armour
   906 | D:2      | Reached skill level 1 in Shields
   906 | D:2      | Reached skill level 1 in Unarmed Combat
   906 | D:2      | Reached skill level 1 in Spellcasting
   906 | D:2      | Reached skill level 1 in Evocations
  1310 | D:2      | Reached XP level 4. HP: 39/41 MP: 5/5
  1759 | D:3      | Found a snail-covered altar of Cheibriados.
  1766 | D:3      | Reached skill level 1 in Conjurations
  1766 | D:3      | Reached skill level 1 in Hexes
  1766 | D:3      | Reached skill level 1 in Summonings
  1766 | D:3      | Reached skill level 1 in Necromancy
  1766 | D:3      | Reached skill level 1 in Translocations
  1766 | D:3      | Reached skill level 1 in Transmutations
  1766 | D:3      | Reached skill level 1 in Fire Magic
  1766 | D:3      | Reached skill level 1 in Ice Magic
  1766 | D:3      | Reached skill level 1 in Air Magic
  1766 | D:3      | Reached skill level 1 in Earth Magic
  1766 | D:3      | Reached skill level 1 in Poison Magic
  1812 | D:3      | Reached XP level 5. HP: 22/47 MP: 5/7
  2024 | D:3      | Found an ancient bone altar of Kikubaaqudgha.
  2505 | D:3      | Found a stormy altar of Qazlal.
  2590 | D:4      | Found a staircase to the Ecumenical Temple.
  2597 | Temple   | Entered the Ecumenical Temple
  2618 | Temple   | Became a worshipper of the Wu Jian Council
  2618 | Temple   | Reached * piety under Wu Jian
  2618 | Temple   | Reached ** piety under Wu Jian
  2698 | D:4      | Reached XP level 6. HP: 18/53 MP: 7/9
  2705 | D:4      | Noticed a sky beast
  2726 | D:3      | Slain by a sky beast

Illustrated notes

Levels and vault maps discovered:
D:1:      lemuel_arrival_rhombus, layout_loops_cross,
          shapermc_ecumenical_altar_mp_urbaneastern
D:2:      layout_basic, chequers_decorated_corner
D:3:      layout_basic, mainiacjoe_overflow_alcove_4, lemuel_round_altar,
          slow_altar_1
D:4:      layout_rooms, riverfiend_overflow_shadow_ancestor, lemuel_tele_altar,
          minmay_temple_entry_nine_rooms
Temple:   chequers_temple_sunken

Skill      XL: |  1  2  3  4  5 |
---------------+----------------+-----
Invocations    | 1 2 |  2.2
Short Blades   | 1 2 |  2.0
Axes           | 1 2 |  2.0
Maces & Flails | 1 2 |  2.0
Polearms       | 1 2 |  2.0
Staves         | 1 2 |  2.0
Ranged Weapons | 1 2 |  2.0
Throwing       | 1 2 |  2.0
Armour         | 1 2 |  2.0
Shields        | 1 2 |  2.0
Unarmed Combat | 1 2 |  2.0
Spellcasting   | 1 2 |  2.0
Evocations     | 1 2 |  2.0
Conjurations   | 1 |  1.5
Hexes          | 1 |  1.5
Summonings     | 1 |  1.5
Necromancy     | 1 |  1.5
Translocations | 1 |  1.5
Transmutations | 1 |  1.5
Fire Magic     | 1 |  1.5
Ice Magic      | 1 |  1.5
Air Magic      | 1 |  1.5
Earth Magic    | 1 |  1.5
Poison Magic   | 1 |  1.5
Fighting       | |  6.8
Long Blades    | |  6.8
Dodging        | |  6.8
Stealth        | |  4.6

Action                   |  1- 3 |  4- 6 || total
-------------------------+-------+-------++-------
Melee: Falchion          |   117 |    46 ||   163
       Bite              |    10 |     4 ||    14
       Punch             |       |     1 ||     1
 Fire: Sling             |       |    63 ||    63
Throw: Dart              |       |     3 ||     3
Invok: Lunge             |       |     2 ||     2
       Whirlwind         |       |     2 ||     2
Evoke: Wand              |       |     1 ||     1
  Use: Scroll            |     1 |     3 ||     4
       Potion            |       |     2 ||     2
 Stab: Sleeping          |    15 |       ||    15
       Invisible         |       |     1 ||     1
Armor: Robe              |    10 |     7 ||    17
Dodge: Dodged            |    80 |    34 ||   114
